Senateurs vs Golden Knights

Created - October 22, 2019 at 19:46

Goals
1 2 3 T
Senateurs 0 2 1 3
Golden Knights 0 1 1 2
Shots
1 2 3 T
Senateurs 8 12 13 33
Golden Knights 11 11 15 37

1st period

No Goal

Penalties :
Daniel Sedin (Ott) for Cross-checking (Minor) at 3:02, Colby Armstrong (Ott) for Tripping (Minor) at 11:45

2nd period

1. Senateurs , Daniel Sedin 1 (Phil Kessel 1, Evgeni Malkin 1) at 0:24
2. Senateurs , Sidney Crosby 1 (Colby Armstrong 1) at 1:58
3. Golden Knights , Brad Richardson 1 (Alex Tanguay 1, Jakub Kindl 1) at 19:28

Penalties :
Scottie Upshall (Vgs) for High sticking (Double Minor) at 7:13, Jamie Benn (Ott) for Charging (Minor) at 12:04

3rd period

4. Senateurs , Phil Kessel 1 (Evgeni Malkin 2, Mark Giordano 1) at 3:22
5. Golden Knights , Scottie Upshall 1 (Patrice Cormier 1, Brandon Bollig 1) at 12:50

Penalties :
Colby Armstrong (Ott) for Holding (Minor) at 0:08, Jeffrey Foss (Vgs) for Hooking (Minor) at 13:26, Radim Vrbata (Ott) for Hooking (Minor) at 17:32

Goalie Stats

Ondrej Pavelec (Ott), 35 saves from 37 shots - (0.946), W, 1-0-0, 60:00 minutes
Robin Lehner (Vgs), 30 saves from 33 shots - (0.909), L, 0-1-0, 59:55 minutes

Players Stats for Senateurs

Player Name              G  A  P  +/- PIM S  H  SB GA TA FO     MP     PP MP  PK MP  
------------------------------------------------------------------------------------
Carlo Colaiacovo         0  0  0   0  0   1  0  0  0  0  0/0     9:55   0:00   0:39 
Cody Franson             0  0  0   3  0   3  2  1  0  1  0/0    26:35   1:49   5:05 
Colby Armstrong          0  1  1   1  4   4  1  0  0  1  0/1    20:51   3:02   0:00 
Daniel Briere            0  0  0  -1  0   2  0  1  0  0  2/3    11:35   2:47   0:14 
Daniel Sedin             1  0  1   2  2   2  2  2  2  0  0/0    16:37   2:47   0:07 
Dion Phaneuf             0  0  0   2  0   5  1  2  0  1  0/0    27:46   4:09   4:11 
Duncan Keith             0  0  0  -2  0   1  2  1  0  0  0/0    16:00   1:49   0:00 
Evgeni Malkin            0  2  2   2  0   1  2  0  0  0  9/21   21:33   4:09   2:35 
Jamie Benn               0  0  0   1  2   2  4  1  0  0  0/2    20:21   2:30   1:27 
Mark Giordano            0  1  1   1  0   0  0  0  0  1  0/0    15:35   0:00   5:05 
Michel Ouellet           0  0  0  -1  0   0  0  0  0  0  0/0     5:51   0:26   0:00 
Nate Prosser             0  0  0  -2  0   1  0  2  0  2  0/0    18:13   0:00   4:50 
Phil Kessel              1  1  2   2  0   2  0  0  1  0  1/3    15:23   2:30   0:00 
Radim Vrbata             0  0  0  -1  2   0  0  0  0  0  0/0    13:29   0:00   5:12 
Ryan Hollweg             0  0  0  -1  0   1  0  0  1  0  0/0    10:08   0:41   3:09 
Sergei Kostitsyn         0  0  0  -1  0   1  0  0  0  0  0/0     8:33   0:41   0:00 
Sidney Crosby            1  0  1   1  0   6  2  1  0  0  16/31  19:28   2:30   0:34 
Stephane Da Costa        0  0  0  -1  0   1  1  1  0  0  5/12   12:07   0:00   6:32 

Players Stats for Golden Knights

Player Name              G  A  P  +/- PIM S  H  SB GA TA FO     MP     PP MP  PK MP  
------------------------------------------------------------------------------------
Alex Tanguay             0  1  1   1  0   2  0  0  0  0  0/0    11:04   0:18   1:07 
Andrei Loktionov         0  0  0  -1  0   0  2  0  0  0  19/38  21:14   4:56   1:38 
Brad Richardson          1  0  1   1  0   1  0  0  0  1  1/1    10:58   0:01   1:18 
Brandon Bollig           0  1  1   0  0   0  1  0  0  0  0/0     6:34   0:00   0:00 
Chris Higgins            0  0  0  -1  0   2  1  0  0  0  0/1    17:02   4:58   0:00 
Ilya Kovalchuk           0  0  0  -1  0   5  4  2  1  1  2/4    23:26   4:39   2:58 
Jakub Kindl              0  1  1   1  0   0  0  2  0  0  0/0    20:47   2:36   2:36 
Jared Cowen              0  0  0  -1  0   0  1  1  0  0  0/0    30:00   7:19   2:57 
Jeffrey Foss             0  0  0  -1  2   0  1  1  0  0  0/0    10:14   0:00   0:25 
Mathew Dumba             0  0  0  -1  0   0  1  0  0  0  0/0     9:00   0:00   0:00 
Michael Frolik           0  0  0  -1  0   4  3  2  0  0  1/2    18:49   4:58   1:38 
Michael Kostka           0  0  0   1  0   0  0  2  0  2  0/0    20:47   2:36   2:36 
Patrice Cormier          0  1  1   0  0   2  0  0  1  0  1/3     6:34   0:00   0:00 
Scottie Upshall          1  0  1   0  4   3  0  0  0  0  0/0     6:34   0:00   0:00 
Tim Connolly             0  0  0   1  0   0  1  0  0  0  3/4    10:11   0:21   0:19 
Vincent Lecavalier       0  0  0  -1  0   1  3  0  1  0  12/19  17:02   4:58   0:00 
Zach Bogosian            0  0  0  -1  0   6  0  3  2  0  0/0    30:21   7:19   3:22 
Zack Kassian             0  0  0  -1  0   11 2  2  1  0  1/1    23:23   4:36   2:58 

3 Stars

1 - Phil Kessel (Ott)
2 - Evgeni Malkin (Ott)
3 - Ondrej Pavelec (Ott)

Power Play

Senateurs - 0 on 3 Attempt(s) - 0.00%
Golden Knights - 0 on 5 Attempt(s) - 0.00%

Penalty Kill

Senateurs - 5 on 5 Attempt(s) - 100.00% - Score 0 goal in Penalty Kill
Golden Knights - 3 on 3 Attempt(s) - 100.00% - Score 0 goal in Penalty Kill

Team Stat

Senateurs - Hits : 17 - Faceoff Wins : 33 - Blocked Shots : 12 - Penalty Minutes : 10
Golden Knights - Hits : 20 - Faceoff Wins : 40 - Blocked Shots : 15 - Penalty Minutes : 6

Official

Referees : Unknown
Linesman : Unknown

Game Notes

No Game Note

Finance

Level 1 -- Attendance: 5443 (90.72%) -- Ticket Income $506,199
Level 2 -- Attendance: 3877 (77.54%) -- Ticket Income $228,743
Level 3 -- Attendance: 1773 (88.65%) -- Ticket Income $69,147
Level 4 -- Attendance: 4000 (100.00%) -- Ticket Income $108,000
Luxury Box -- Attendance: 975 (97.50%) -- Ticket Income $156,000
Game was played at the Duff Garden.
Total Attendance: 16068 (89.27%)
Total Ticket Income: $1,068,089
Other Income: $160,213
Total Income: $1,228,302

Senateurs

5 vs 5 Forward 
   Center                   Left Wing                Right Wing               Time % Phy DF OF 
 1 Sidney Crosby            Jamie Benn               Colby Armstrong          40     1   2  2  
 2 Evgeni Malkin            Daniel Sedin             Phil Kessel              30     1   2  2  
 3 Daniel Briere            Sergei Kostitsyn         Radim Vrbata             20     1   2  2  
 4 Stephane Da Costa        Ryan Hollweg             Michel Ouellet           10     1   2  2  

5 vs 5 Defense 
   Defense                  Defense                                           Time % Phy DF OF 
 1 Dion Phaneuf             Cody Franson                                      40     1   2  2  
 2 Duncan Keith             Nate Prosser                                      30     1   2  2  
 3 Mark Giordano            Carlo Colaiacovo                                  20     1   2  2  
 4 Dion Phaneuf             Cody Franson                                      10     1   2  2  

PowerPlay Forward 
   Center                   Left Wing                Right Wing               Time % Phy DF OF 
 1 Sidney Crosby            Jamie Benn               Phil Kessel              60     1   2  2  
 2 Daniel Briere            Daniel Sedin             Colby Armstrong          40     1   2  2  

PowerPlay Defense
   Defense                  Defense                                           Time % Phy DF OF 
 1 Dion Phaneuf             Evgeni Malkin                                     60     1   2  2  
 2 Duncan Keith             Cody Franson                                      40     1   2  2  

Penalty Kill 4 Players Forward 
   Center                   Wing                     Time % Phy DF OF 
 1 Stephane Da Costa        Radim Vrbata             60     1   2  2  
 2 Evgeni Malkin            Ryan Hollweg             40     1   2  2  

Penalty Kill 4 Players Defense
   Defense                  Defense                  Time % Phy DF OF 
 1 Mark Giordano            Cody Franson             60     1   2  2  
 2 Dion Phaneuf             Nate Prosser             40     1   2  2  

Penalty Kill - 3 Players Forward 
   Forward                                           Time % Phy DF OF 
 1 Sidney Crosby                                     60     1   2  2  
 2 Evgeni Malkin                                     40     1   2  2  

Penalty Kill - 3 Players Defense
   Defense                  Defense                  Time % Phy DF OF 
 1 Dion Phaneuf             Cody Franson             60     1   2  2  
 2 Duncan Keith             Nate Prosser             40     1   2  2  

4 vs 4 Forward 
   Center                   Wing                     Time % Phy DF OF 
 1 Sidney Crosby            Evgeni Malkin            60     1   2  2  
 2 Daniel Briere            Phil Kessel              40     1   2  2  

4 vs 4 Defense
   Defense                  Defense                  Time % Phy DF OF 
 1 Dion Phaneuf             Cody Franson             60     1   2  2  
 2 Duncan Keith             Nate Prosser             40     1   2  2  

Last Minutes Offensive
   Center                   Left Wing                Right Wing               Defense                  Defense                  
   Sidney Crosby            Jamie Benn               Phil Kessel              Dion Phaneuf             Cody Franson             

Last Minutes Defensive
   Center                   Left Wing                Right Wing               Defense                  Defense                  
   Sidney Crosby            Jamie Benn               Phil Kessel              Dion Phaneuf             Cody Franson             

Goaltenders
Starting : Ondrej Pavelec           
Backup : Roberto Luongo           

Extra Forwards
Normal : Sergei Kostitsyn, Ryan Hollweg, Radim Vrbata - PP : Sergei Kostitsyn, Ryan Hollweg - PK : Radim Vrbata
Extra Defensemen
Normal : Mark Giordano, Carlo Colaiacovo, Duncan Keith - PP : Mark Giordano - PK : Carlo Colaiacovo, Duncan Keith
Penalty Shots
Sidney Crosby, Evgeni Malkin, Phil Kessel, Daniel Briere, Jamie Benn

Scratches
Chris Kunitz (Healthy), Arturs Kulda (Healthy)

Golden Knights

5 vs 5 Forward 
   Center                   Left Wing                Right Wing               Time % Phy DF OF 
 1 Andrei Loktionov         Ilya Kovalchuk           Zack Kassian             40     1   2  2  
 2 Vincent Lecavalier       Chris Higgins            Michael Frolik           30     1   2  2  
 3 Tim Connolly             Alex Tanguay             Brad Richardson          20     1   2  2  
 4 Patrice Cormier          Brandon Bollig           Scottie Upshall          10     1   2  2  

5 vs 5 Defense 
   Defense                  Defense                                           Time % Phy DF OF 
 1 Zach Bogosian            Jared Cowen                                       40     1   2  2  
 2 Michael Kostka           Jakub Kindl                                       30     1   2  2  
 3 Mathew Dumba             Jeffrey Foss                                      20     1   2  2  
 4 Zach Bogosian            Jared Cowen                                       10     1   2  2  

PowerPlay Forward 
   Center                   Left Wing                Right Wing               Time % Phy DF OF 
 1 Andrei Loktionov         Ilya Kovalchuk           Zack Kassian             60     1   2  2  
 2 Vincent Lecavalier       Chris Higgins            Michael Frolik           40     1   2  2  

PowerPlay Defense
   Defense                  Defense                                           Time % Phy DF OF 
 1 Zach Bogosian            Jared Cowen                                       60     1   2  2  
 2 Michael Kostka           Jakub Kindl                                       40     1   2  2  

Penalty Kill 4 Players Forward 
   Center                   Wing                     Time % Phy DF OF 
 1 Ilya Kovalchuk           Zack Kassian             60     1   2  2  
 2 Michael Frolik           Andrei Loktionov         40     1   2  2  

Penalty Kill 4 Players Defense
   Defense                  Defense                  Time % Phy DF OF 
 1 Zach Bogosian            Jared Cowen              60     1   2  2  
 2 Michael Kostka           Jakub Kindl              40     1   2  2  

Penalty Kill - 3 Players Forward 
   Forward                                           Time % Phy DF OF 
 1 Ilya Kovalchuk                                    60     1   2  2  
 2 Zack Kassian                                      40     1   2  2  

Penalty Kill - 3 Players Defense
   Defense                  Defense                  Time % Phy DF OF 
 1 Zach Bogosian            Jared Cowen              60     1   2  2  
 2 Michael Kostka           Jakub Kindl              40     1   2  2  

4 vs 4 Forward 
   Center                   Wing                     Time % Phy DF OF 
 1 Ilya Kovalchuk           Zack Kassian             60     1   2  2  
 2 Michael Frolik           Andrei Loktionov         40     1   2  2  

4 vs 4 Defense
   Defense                  Defense                  Time % Phy DF OF 
 1 Zach Bogosian            Jared Cowen              60     1   2  2  
 2 Michael Kostka           Jakub Kindl              40     1   2  2  

Last Minutes Offensive
   Center                   Left Wing                Right Wing               Defense                  Defense                  
   Andrei Loktionov         Ilya Kovalchuk           Zack Kassian             Zach Bogosian            Jared Cowen              

Last Minutes Defensive
   Center                   Left Wing                Right Wing               Defense                  Defense                  
   Andrei Loktionov         Ilya Kovalchuk           Zack Kassian             Zach Bogosian            Jared Cowen              

Goaltenders
Starting : Robin Lehner             
Backup : Matt Hackett             

Extra Forwards
Normal : Tim Connolly, Alex Tanguay, Brad Richardson - PP : Tim Connolly, Alex Tanguay - PK : Brad Richardson
Extra Defensemen
Normal : Mathew Dumba, Jeffrey Foss, Michael Kostka - PP : Mathew Dumba - PK : Jeffrey Foss, Michael Kostka
Penalty Shots
Ilya Kovalchuk, Zack Kassian, Michael Frolik, Andrei Loktionov, Vincent Lecavalier

Scratches
None


% Time on Ice - Senateurs

Lines # - Real PCT - Wanted PCT - Time Play
Normal Forward
1 - 39% - 40% - 17:24
2 - 32% - 30% - 14:03
3 - 16% - 20% - 7:15
4 - 12% - 10% - 5:25
Normal Defense
1 - 45% - 40% - 19:46
2 - 31% - 30% - 13:49
3 - 20% - 20% - 8:50
4 - 4% - 10% - 1:42
PP Forward
1 - 49% - 60% - 2:56
2 - 51% - 40% - 3:02
PP Defense
1 - 70% - 60% - 4:09
2 - 30% - 40% - 1:49
PK Forward
1 - 77% - 60% - 7:39
2 - 23% - 40% - 2:16
PK Defense
1 - 51% - 60% - 5:05
2 - 49% - 40% - 4:50
PK3 Forward
1 - 0% - 60%
2 - 0% - 40%
PK3 Defense
1 - 0% - 60%
2 - 0% - 40%
44 Forward
1 - 0% - 60%
2 - 0% - 40%
44 Defense
1 - 0% - 60%
2 - 0% - 40%
Last Minute Offensive  - 0:00
Last Minute Defensive  - 0:00
Total
Forward - 60:00
Defense - 60:00

% Time on Ice - Golden Knights

Lines # - Real PCT - Wanted PCT - Time Play
Normal Forward
1 - 37% - 40% - 16:03
2 - 28% - 30% - 12:05
3 - 21% - 20% - 9:14
4 - 15% - 10% - 6:34
Normal Defense
1 - 41% - 40% - 18:07
2 - 35% - 30% - 15:32
3 - 20% - 20% - 8:39
4 - 4% - 10% - 1:38
PP Forward
1 - 50% - 60% - 4:57
2 - 50% - 40% - 4:58
PP Defense
1 - 74% - 60% - 7:19
2 - 26% - 40% - 2:36
PK Forward
1 - 73% - 60% - 4:20
2 - 27% - 40% - 1:38
PK Defense
1 - 56% - 60% - 3:22
2 - 44% - 40% - 2:36
PK3 Forward
1 - 0% - 60%
2 - 0% - 40%
PK3 Defense
1 - 0% - 60%
2 - 0% - 40%
44 Forward
1 - 0% - 60%
2 - 0% - 40%
44 Defense
1 - 0% - 60%
2 - 0% - 40%
Last Minute Offensive  - 0:11
Last Minute Defensive  - 0:00
Total
Forward - 60:00
Defense - 60:00

Play-by-Play

1st period


0:01 of 1st period - Andrei Loktionov wins face-off versus Sidney Crosby in neutral zone.
0:06 of 1st period - Wrist shot by Zack Kassian.
0:06 of 1st period - Stopped by Ondrej Pavelec without a rebound.
0:07 of 1st period - Andrei Loktionov wins face-off versus Sidney Crosby in Senateurs zone.
0:39 of 1st period - Off-side.
0:40 of 1st period - Vincent Lecavalier wins face-off versus Evgeni Malkin in neutral zone.
0:51 of 1st period - Backhand shot by Michael Frolik.
0:51 of 1st period - Shot Blocked by Nate Prosser.
1:10 of 1st period - Off-side.
1:11 of 1st period - Tim Connolly wins face-off versus Daniel Briere in neutral zone.
1:36 of 1st period - Wrist shot by Tim Connolly.
1:36 of 1st period - Shot Misses the Net.
2:36 of 1st period - Snap shot by Daniel Briere.
2:36 of 1st period - Stopped by Robin Lehner with a rebound.
2:38 of 1st period - Slapshot by Carlo Colaiacovo.
2:38 of 1st period - Stopped by Robin Lehner without a rebound.
2:39 of 1st period - Evgeni Malkin wins face-off versus Vincent Lecavalier in Golden Knights zone.
2:40 of 1st period - Wrist shot by Phil Kessel.
2:40 of 1st period - Shot Blocked by Jakub Kindl.
2:54 of 1st period - Slapshot by Michael Frolik.
2:54 of 1st period - Stopped by Ondrej Pavelec with a rebound.
2:56 of 1st period - Backhand shot by Vincent Lecavalier.
2:56 of 1st period - Shot Blocked by Daniel Sedin.
3:02 of 1st period - Minor Penalty to Daniel Sedin for Cross-checking.
3:03 of 1st period - Stephane Da Costa wins face-off versus Andrei Loktionov in Senateurs zone.
3:12 of 1st period - Snap shot by Zack Kassian.
3:12 of 1st period - Stopped by Ondrej Pavelec without a rebound.
3:13 of 1st period - Stephane Da Costa wins face-off versus Andrei Loktionov in Senateurs zone.
3:25 of 1st period - Off-side.
3:26 of 1st period - Evgeni Malkin wins face-off versus Andrei Loktionov in neutral zone.
5:02 of 1st period - Penalty to Daniel Sedin is over, Daniel Sedin is back on ice.
5:14 of 1st period - Snap shot by Brandon Bollig.
5:14 of 1st period - Shot Misses the Net.
5:16 of 1st period - Slapshot by Mathew Dumba.
5:16 of 1st period - Deflect By Scottie Upshall.
5:16 of 1st period - Shot Misses the Net.
5:16 of 1st period - Puck is out of play.
5:17 of 1st period - Patrice Cormier wins face-off versus Evgeni Malkin in Senateurs zone.
5:24 of 1st period - Slapshot by Scottie Upshall.
5:24 of 1st period - Stopped by Ondrej Pavelec without a rebound.
5:25 of 1st period - Vincent Lecavalier wins face-off versus Evgeni Malkin in Senateurs zone.
5:52 of 1st period - Jamie Benn is hit by Zack Kassian and loses puck.
5:57 of 1st period - Slapshot by Ilya Kovalchuk.
5:57 of 1st period - Stopped by Ondrej Pavelec without a rebound.
5:58 of 1st period - Sidney Crosby wins face-off versus Andrei Loktionov in Senateurs zone.
6:07 of 1st period - Slapshot by Dion Phaneuf.
6:07 of 1st period - Shot Blocked by Ilya Kovalchuk.
6:15 of 1st period - Zack Kassian is hit by Jamie Benn and loses puck.
7:18 of 1st period - Wrist shot by Radim Vrbata.
7:18 of 1st period - Shot Blocked by Jeffrey Foss.
7:36 of 1st period - Sidney Crosby is hit by Andrei Loktionov and loses puck.
7:44 of 1st period - Icing by Jeffrey Foss.
7:45 of 1st period - Andrei Loktionov wins face-off versus Evgeni Malkin in Golden Knights zone.
7:54 of 1st period - Wrist shot by Andrei Loktionov.
7:54 of 1st period - Shot Blocked by Cody Franson.
7:56 of 1st period - Wrist shot by Zack Kassian.
7:56 of 1st period - Stopped by Ondrej Pavelec without a rebound.
7:57 of 1st period - Andrei Loktionov wins face-off versus Sidney Crosby in Senateurs zone.
8:25 of 1st period - Icing by Michael Kostka.
8:26 of 1st period - Evgeni Malkin wins face-off versus Andrei Loktionov in Golden Knights zone.
8:33 of 1st period - Wrist shot by Phil Kessel.
8:33 of 1st period - Shot Blocked by Michael Kostka.
8:53 of 1st period - Wrist shot by Zack Kassian.
8:53 of 1st period - Shot Misses the Net.
9:12 of 1st period - Off-side.
9:13 of 1st period - Stephane Da Costa wins face-off versus Patrice Cormier in neutral zone.
9:16 of 1st period - Slapshot by Dion Phaneuf.
9:16 of 1st period - Stopped by Robin Lehner with a rebound.
9:20 of 1st period - Wrist shot by Stephane Da Costa.
9:20 of 1st period - Stopped by Robin Lehner without a rebound.
9:21 of 1st period - Sidney Crosby wins face-off versus Andrei Loktionov in Golden Knights zone.
9:32 of 1st period - Wrist shot by Ilya Kovalchuk.
9:32 of 1st period - Shot Misses the Net.
9:34 of 1st period - Slapshot by Zach Bogosian.
9:34 of 1st period - Stopped by Ondrej Pavelec without a rebound.
9:35 of 1st period - Vincent Lecavalier wins face-off versus Jamie Benn in Senateurs zone.
9:36 of 1st period - Snap shot by Michael Frolik.
9:36 of 1st period - Deflect By Jamie Benn.
9:36 of 1st period - Stopped by Ondrej Pavelec without a rebound.
9:37 of 1st period - Sidney Crosby wins face-off versus Vincent Lecavalier in Senateurs zone.
9:46 of 1st period - Slapshot by Dion Phaneuf.
9:46 of 1st period - Shot Misses the Net.
9:48 of 1st period - Slapshot by Cody Franson.
9:48 of 1st period - Shot Misses the Net.
9:52 of 1st period - Slapshot by Jamie Benn.
9:52 of 1st period - Shot Blocked by Michael Frolik.
9:54 of 1st period - Slapshot by Cody Franson.
9:54 of 1st period - Deflect By Jamie Benn.
9:54 of 1st period - Shot Hit the Post.
9:54 of 1st period - Puck is out of play.
9:55 of 1st period - Andrei Loktionov wins face-off versus Evgeni Malkin in Golden Knights zone.
10:32 of 1st period - Snap shot by Colby Armstrong.
10:32 of 1st period - Shot Misses the Net.
10:48 of 1st period - Zach Bogosian is hit by Duncan Keith.
10:51 of 1st period - Off-side.
10:52 of 1st period - Andrei Loktionov wins face-off versus Evgeni Malkin in neutral zone.
10:55 of 1st period - Evgeni Malkin is hit by Mathew Dumba and loses puck.
11:08 of 1st period - Snap shot by Zack Kassian.
11:08 of 1st period - Stopped by Ondrej Pavelec without a rebound.
11:09 of 1st period - Vincent Lecavalier wins face-off versus Sidney Crosby in Senateurs zone.
11:22 of 1st period - Backhand shot by Cody Franson.
11:22 of 1st period - Stopped by Robin Lehner without a rebound.
11:23 of 1st period - Sidney Crosby wins face-off versus Andrei Loktionov in Golden Knights zone.
11:32 of 1st period - Dion Phaneuf is hit by Zack Kassian and loses puck.
11:45 of 1st period - Minor Penalty to Colby Armstrong for Tripping.
11:46 of 1st period - Stephane Da Costa wins face-off versus Andrei Loktionov in Senateurs zone.
12:01 of 1st period - Wrist shot by Ilya Kovalchuk.
12:01 of 1st period - Shot Misses the Net.
12:24 of 1st period - Slapshot by Dion Phaneuf.
12:24 of 1st period - Stopped by Robin Lehner with a rebound.
13:45 of 1st period - Penalty to Colby Armstrong is over, Colby Armstrong is back on ice.
13:45 of 1st period - Snap shot by Vincent Lecavalier.
13:45 of 1st period - Shot Misses the Net.
13:47 of 1st period - Wrist shot by Michael Frolik.
13:47 of 1st period - Stopped by Ondrej Pavelec without a rebound.
13:48 of 1st period - Sidney Crosby wins face-off versus Andrei Loktionov in Senateurs zone.
14:40 of 1st period - Mathew Dumba is hit by Jamie Benn and loses puck.
15:09 of 1st period - Carlo Colaiacovo is hit by Ilya Kovalchuk and loses puck.
15:44 of 1st period - Colby Armstrong is hit by Andrei Loktionov and loses puck.
16:38 of 1st period - Zach Bogosian is hit by Stephane Da Costa and loses puck.
17:01 of 1st period - Cody Franson is hit by Chris Higgins and loses puck.
17:14 of 1st period - Alex Tanguay is hit by Cody Franson and loses puck.
17:47 of 1st period - Wrist shot by Sidney Crosby.
17:47 of 1st period - Stopped by Robin Lehner with a rebound.
17:57 of 1st period - Wrist shot by Zack Kassian.
17:57 of 1st period - Stopped by Ondrej Pavelec without a rebound.
17:58 of 1st period - Daniel Briere wins face-off versus Chris Higgins in Senateurs zone.
18:09 of 1st period - Radim Vrbata is hit by Vincent Lecavalier and loses puck.
18:30 of 1st period - Off-side.
18:31 of 1st period - Vincent Lecavalier wins face-off versus Sidney Crosby in neutral zone.
18:47 of 1st period - Snap shot by Jamie Benn.
18:47 of 1st period - Deflect By Colby Armstrong.
18:47 of 1st period - Stopped by Robin Lehner with a rebound.
19:11 of 1st period - Snap shot by Andrei Loktionov.
19:11 of 1st period - Shot Hit the Post.
Goals for this period are 0 for Senateurs vs 0 for Golden Knights.
Shots for this period are 8 for Senateurs vs 11 for Golden Knights.

2nd period


0:01 of 2nd period - Vincent Lecavalier wins face-off versus Colby Armstrong in neutral zone.
0:08 of 2nd period - Wrist shot by Zach Bogosian.
0:08 of 2nd period - Stopped by Ondrej Pavelec without a rebound.
0:09 of 2nd period - Sidney Crosby wins face-off versus Vincent Lecavalier in Senateurs zone.
0:14 of 2nd period - Slapshot by Cody Franson.
0:14 of 2nd period - Stopped by Robin Lehner without a rebound.
0:15 of 2nd period - Evgeni Malkin wins face-off versus Andrei Loktionov in Golden Knights zone.
0:20 of 2nd period - Slapshot by Phil Kessel.
0:20 of 2nd period - Shot Misses the Net.
0:22 of 2nd period - Snap shot by Daniel Sedin.
0:22 of 2nd period - Stopped by Robin Lehner with a rebound.
0:24 of 2nd period - Wrist shot by Daniel Sedin.
0:24 of 2nd period - Goal by Daniel Sedin - Senateurs : 1 - Golden Knights : 0.
0:25 of 2nd period - Michael Frolik wins face-off versus Sidney Crosby in neutral zone.
0:43 of 2nd period - Off-side.
0:44 of 2nd period - Andrei Loktionov wins face-off versus Phil Kessel in neutral zone.
1:51 of 2nd period - Michael Kostka is hit by Sidney Crosby and loses puck.
1:56 of 2nd period - Wrist shot by Colby Armstrong.
1:56 of 2nd period - Stopped by Robin Lehner with a rebound.
1:58 of 2nd period - Snap shot by Sidney Crosby.
1:58 of 2nd period - Goal by Sidney Crosby - Senateurs : 2 - Golden Knights : 0.
1:59 of 2nd period - Phil Kessel wins face-off versus Andrei Loktionov in neutral zone.
2:03 of 2nd period - Off-side.
2:04 of 2nd period - Andrei Loktionov wins face-off versus Evgeni Malkin in neutral zone.
2:45 of 2nd period - Snap shot by Zack Kassian.
2:45 of 2nd period - Stopped by Ondrej Pavelec with a rebound.
2:47 of 2nd period - Slapshot by Jared Cowen.
2:47 of 2nd period - Shot Misses the Net.
2:49 of 2nd period - Snap shot by Ilya Kovalchuk.
2:49 of 2nd period - Stopped by Ondrej Pavelec without a rebound.
2:50 of 2nd period - Sidney Crosby wins face-off versus Vincent Lecavalier in Senateurs zone.
2:50 of 2nd period - Sidney Crosby is hit by Michael Frolik.
4:25 of 2nd period - Andrei Loktionov is hit by Daniel Sedin and loses puck.
4:58 of 2nd period - Backhand shot by Patrice Cormier.
4:58 of 2nd period - Stopped by Ondrej Pavelec without a rebound.
4:59 of 2nd period - Daniel Briere wins face-off versus Patrice Cormier in Senateurs zone.
5:08 of 2nd period - Wrist shot by Daniel Briere.
5:08 of 2nd period - Deflect By Sergei Kostitsyn.
5:08 of 2nd period - Stopped by Robin Lehner without a rebound.
5:09 of 2nd period - Andrei Loktionov wins face-off versus Sidney Crosby in Golden Knights zone.
5:14 of 2nd period - Colby Armstrong is hit by Ilya Kovalchuk and loses puck.
6:03 of 2nd period - Wrist shot by Jamie Benn.
6:03 of 2nd period - Stopped by Robin Lehner without a rebound.
6:04 of 2nd period - Andrei Loktionov wins face-off versus Evgeni Malkin in Golden Knights zone.
6:42 of 2nd period - Slapshot by Daniel Briere.
6:42 of 2nd period - Shot Blocked by Zach Bogosian.
6:54 of 2nd period - Snap shot by Zach Bogosian.
6:54 of 2nd period - Shot Misses the Net.
6:56 of 2nd period - Slapshot by Jared Cowen.
6:56 of 2nd period - Shot Blocked by Stephane Da Costa.
6:58 of 2nd period - Wrist shot by Zach Bogosian.
6:58 of 2nd period - Shot Blocked by Duncan Keith.
7:04 of 2nd period - Snap shot by Alex Tanguay.
7:04 of 2nd period - Shot Misses the Net.
7:13 of 2nd period - Double Minor Penalty to Scottie Upshall for High sticking.
7:14 of 2nd period - Ilya Kovalchuk wins face-off versus Jamie Benn in Golden Knights zone.
8:10 of 2nd period - Zach Bogosian is hit by Duncan Keith and loses puck.
9:01 of 2nd period - Dion Phaneuf is hit by Jared Cowen and loses puck.
9:12 of 2nd period - Zach Bogosian is hit by Evgeni Malkin and loses puck.
9:28 of 2nd period - Slapshot by Dion Phaneuf.
9:28 of 2nd period - Stopped by Robin Lehner without a rebound.
9:29 of 2nd period - Brad Richardson wins face-off versus Phil Kessel in Golden Knights zone.
9:40 of 2nd period - Zack Kassian is hit by Cody Franson and loses puck.
11:13 of 2nd period - Penalty to Scottie Upshall is over, Scottie Upshall is back on ice.
11:40 of 2nd period - Dion Phaneuf is hit by Michael Frolik and loses puck.
11:49 of 2nd period - Snap shot by Chris Higgins.
11:49 of 2nd period - Stopped by Ondrej Pavelec without a rebound.
11:50 of 2nd period - Stephane Da Costa wins face-off versus Tim Connolly in Senateurs zone.
12:01 of 2nd period - Snap shot by Alex Tanguay.
12:01 of 2nd period - Stopped by Ondrej Pavelec without a rebound.
12:02 of 2nd period - Sidney Crosby wins face-off versus Andrei Loktionov in Senateurs zone.
12:04 of 2nd period - Minor Penalty to Jamie Benn for Charging.
12:05 of 2nd period - Andrei Loktionov wins face-off versus Stephane Da Costa in Senateurs zone.
12:37 of 2nd period - Slapshot by Jared Cowen.
12:37 of 2nd period - Shot Misses the Net.
12:39 of 2nd period - Snap shot by Chris Higgins.
12:39 of 2nd period - Stopped by Ondrej Pavelec with a rebound.
12:41 of 2nd period - Snap shot by Vincent Lecavalier.
12:41 of 2nd period - Stopped by Ondrej Pavelec without a rebound.
12:42 of 2nd period - Evgeni Malkin wins face-off versus Andrei Loktionov in Senateurs zone.
12:42 of 2nd period - Evgeni Malkin is hit by Ilya Kovalchuk.
13:08 of 2nd period - Ryan Hollweg is hit by Vincent Lecavalier and loses puck.
14:04 of 2nd period - Penalty to Jamie Benn is over, Jamie Benn is back on ice.
14:44 of 2nd period - Daniel Sedin is hit by Brandon Bollig and loses puck.
15:28 of 2nd period - Zack Kassian is hit by Jamie Benn.
15:47 of 2nd period - Snap shot by Brandon Bollig.
15:47 of 2nd period - Shot Misses the Net.
16:08 of 2nd period - Icing by Phil Kessel.
16:09 of 2nd period - Ilya Kovalchuk wins face-off versus Evgeni Malkin in Senateurs zone.
16:40 of 2nd period - Snap shot by Michael Frolik.
16:40 of 2nd period - Stopped by Ondrej Pavelec without a rebound.
16:41 of 2nd period - Vincent Lecavalier wins face-off versus Sidney Crosby in Senateurs zone.
16:50 of 2nd period - Chris Higgins is hit by Jamie Benn and loses puck.
17:10 of 2nd period - Snap shot by Zach Bogosian.
17:10 of 2nd period - Stopped by Ondrej Pavelec with a rebound.
17:26 of 2nd period - Snap shot by Sidney Crosby.
17:26 of 2nd period - Stopped by Robin Lehner with a rebound.
17:30 of 2nd period - Slapshot by Sidney Crosby.
17:30 of 2nd period - Deflect By Colby Armstrong.
17:30 of 2nd period - Shot Misses the Net.
17:30 of 2nd period - Puck is out of play.
17:31 of 2nd period - Andrei Loktionov wins face-off versus Evgeni Malkin in Golden Knights zone.
17:46 of 2nd period - Wrist shot by Ilya Kovalchuk.
17:46 of 2nd period - Shot Misses the Net.
18:02 of 2nd period - Zach Bogosian is hit by Dion Phaneuf and loses puck.
18:28 of 2nd period - Wrist shot by Stephane Da Costa.
18:28 of 2nd period - Shot Misses the Net.
18:32 of 2nd period - Slapshot by Michel Ouellet.
18:32 of 2nd period - Shot Misses the Net.
18:34 of 2nd period - Snap shot by Ryan Hollweg.
18:34 of 2nd period - Stopped by Robin Lehner with a rebound.
18:48 of 2nd period - Snap shot by Phil Kessel.
18:48 of 2nd period - Stopped by Robin Lehner with a rebound.
18:50 of 2nd period - Slapshot by Nate Prosser.
18:50 of 2nd period - Stopped by Robin Lehner with a rebound.
19:26 of 2nd period - Snap shot by Alex Tanguay.
19:26 of 2nd period - Shot Blocked by Nate Prosser.
19:28 of 2nd period - Snap shot by Brad Richardson.
19:28 of 2nd period - Goal by Brad Richardson - Senateurs : 2 - Golden Knights : 1.
19:29 of 2nd period - Andrei Loktionov wins face-off versus Sidney Crosby in neutral zone.
19:38 of 2nd period - Icing by Cody Franson.
19:39 of 2nd period - Sidney Crosby wins face-off versus Andrei Loktionov in Senateurs zone.
19:50 of 2nd period - Snap shot by Jamie Benn.
19:50 of 2nd period - Shot Misses the Net.
19:52 of 2nd period - Slapshot by Cody Franson.
19:52 of 2nd period - Shot Blocked by Zack Kassian.
19:56 of 2nd period - Slapshot by Sidney Crosby.
19:56 of 2nd period - Shot Blocked by Zack Kassian.
19:58 of 2nd period - Slapshot by Cody Franson.
19:58 of 2nd period - Shot Misses the Net.
Goals for this period are 2 for Senateurs vs 1 for Golden Knights.
Shots for this period are 12 for Senateurs vs 11 for Golden Knights.

3rd period


0:01 of 3rd period - Andrei Loktionov wins face-off versus Sidney Crosby in neutral zone.
0:06 of 3rd period - Slapshot by Zach Bogosian.
0:06 of 3rd period - Stopped by Ondrej Pavelec with a rebound.
0:08 of 3rd period - Minor Penalty to Colby Armstrong for Holding.
0:09 of 3rd period - Andrei Loktionov wins face-off versus Stephane Da Costa in Senateurs zone.
0:18 of 3rd period - Slapshot by Zach Bogosian.
0:18 of 3rd period - Deflect By Radim Vrbata.
0:18 of 3rd period - Stopped by Ondrej Pavelec with a rebound.
0:20 of 3rd period - Snap shot by Zack Kassian.
0:20 of 3rd period - Stopped by Ondrej Pavelec with a rebound.
0:26 of 3rd period - Slapshot by Zack Kassian.
0:26 of 3rd period - Stopped by Ondrej Pavelec without a rebound.
0:27 of 3rd period - Vincent Lecavalier wins face-off versus Stephane Da Costa in Senateurs zone.
0:44 of 3rd period - Cody Franson is hit by Vincent Lecavalier and loses puck.
0:55 of 3rd period - Slapshot by Zach Bogosian.
0:55 of 3rd period - Stopped by Ondrej Pavelec with a rebound.
0:57 of 3rd period - Slapshot by Zach Bogosian.
0:57 of 3rd period - Shot Misses the Net.
0:59 of 3rd period - Snap shot by Zack Kassian.
0:59 of 3rd period - Stopped by Ondrej Pavelec with a rebound.
1:01 of 3rd period - Slapshot by Zack Kassian.
1:01 of 3rd period - Stopped by Ondrej Pavelec without a rebound.
1:02 of 3rd period - Evgeni Malkin wins face-off versus Andrei Loktionov in Senateurs zone.
1:37 of 3rd period - Slapshot by Ilya Kovalchuk.
1:37 of 3rd period - Shot Misses the Net.
1:39 of 3rd period - Wrist shot by Zack Kassian.
1:39 of 3rd period - Deflect By Ilya Kovalchuk.
1:39 of 3rd period - Shot Blocked by Dion Phaneuf.
1:39 of 3rd period - Puck is out of play.
1:40 of 3rd period - Vincent Lecavalier wins face-off versus Stephane Da Costa in Senateurs zone.
2:08 of 3rd period - Penalty to Colby Armstrong is over, Colby Armstrong is back on ice.
3:22 of 3rd period - Wrist shot by Phil Kessel.
3:22 of 3rd period - Goal by Phil Kessel - Senateurs : 3 - Golden Knights : 1.
3:23 of 3rd period - Zack Kassian wins face-off versus Sidney Crosby in neutral zone.
3:50 of 3rd period - Nate Prosser is hit by Michael Frolik and loses puck.
4:17 of 3rd period - Cody Franson is hit by Tim Connolly and loses puck.
4:40 of 3rd period - Slapshot by Scottie Upshall.
4:40 of 3rd period - Shot Misses the Net.
4:42 of 3rd period - Wrist shot by Scottie Upshall.
4:42 of 3rd period - Deflect By Patrice Cormier.
4:42 of 3rd period - Stopped by Ondrej Pavelec without a rebound.
4:43 of 3rd period - Sidney Crosby wins face-off versus Andrei Loktionov in Senateurs zone.
5:01 of 3rd period - Off-side.
5:02 of 3rd period - Vincent Lecavalier wins face-off versus Evgeni Malkin in neutral zone.
5:36 of 3rd period - Wrist shot by Alex Tanguay.
5:36 of 3rd period - Shot Hit the Post.
5:38 of 3rd period - Snap shot by Michael Kostka.
5:38 of 3rd period - Shot Misses the Net.
5:40 of 3rd period - Wrist shot by Alex Tanguay.
5:40 of 3rd period - Shot Misses the Net.
5:42 of 3rd period - Snap shot by Alex Tanguay.
5:42 of 3rd period - Stopped by Ondrej Pavelec without a rebound.
5:43 of 3rd period - Andrei Loktionov wins face-off versus Sidney Crosby in Senateurs zone.
5:50 of 3rd period - Snap shot by Zack Kassian.
5:50 of 3rd period - Deflect By Ilya Kovalchuk.
5:50 of 3rd period - Shot Blocked by Sidney Crosby.
5:50 of 3rd period - Puck is out of play.
5:51 of 3rd period - Sidney Crosby wins face-off versus Andrei Loktionov in Senateurs zone.
5:56 of 3rd period - Slapshot by Duncan Keith.
5:56 of 3rd period - Shot Blocked by Jared Cowen.
6:00 of 3rd period - Wrist shot by Colby Armstrong.
6:00 of 3rd period - Shot Blocked by Ilya Kovalchuk.
6:06 of 3rd period - Snap shot by Colby Armstrong.
6:06 of 3rd period - Shot Misses the Net.
6:08 of 3rd period - Snap shot by Colby Armstrong.
6:08 of 3rd period - Stopped by Robin Lehner without a rebound.
6:09 of 3rd period - Evgeni Malkin wins face-off versus Vincent Lecavalier in Golden Knights zone.
6:10 of 3rd period - Slapshot by Phil Kessel.
6:10 of 3rd period - Shot Blocked by Michael Frolik.
6:12 of 3rd period - Slapshot by Cody Franson.
6:12 of 3rd period - Stopped by Robin Lehner without a rebound.
6:13 of 3rd period - Evgeni Malkin wins face-off versus Vincent Lecavalier in Golden Knights zone.
6:46 of 3rd period - Snap shot by Ilya Kovalchuk.
6:46 of 3rd period - Stopped by Ondrej Pavelec without a rebound.
6:47 of 3rd period - Andrei Loktionov wins face-off versus Sidney Crosby in Senateurs zone.
6:58 of 3rd period - Slapshot by Duncan Keith.
6:58 of 3rd period - Deflect By Sidney Crosby.
6:58 of 3rd period - Stopped by Robin Lehner with a rebound.
7:00 of 3rd period - Snap shot by Colby Armstrong.
7:00 of 3rd period - Stopped by Robin Lehner without a rebound.
7:01 of 3rd period - Andrei Loktionov wins face-off versus Sidney Crosby in Golden Knights zone.
7:14 of 3rd period - Wrist shot by Zack Kassian.
7:14 of 3rd period - Shot Hit the Post.
7:16 of 3rd period - Slapshot by Zach Bogosian.
7:16 of 3rd period - Shot Blocked by Dion Phaneuf.
7:18 of 3rd period - Snap shot by Zack Kassian.
7:18 of 3rd period - Stopped by Ondrej Pavelec with a rebound.
7:28 of 3rd period - Chris Higgins is hit by Daniel Sedin and loses puck.
9:25 of 3rd period - Off-side.
9:26 of 3rd period - Sidney Crosby wins face-off versus Andrei Loktionov in neutral zone.
9:29 of 3rd period - Mathew Dumba is hit by Sidney Crosby and loses puck.
9:49 of 3rd period - Icing by Dion Phaneuf.
9:50 of 3rd period - Evgeni Malkin wins face-off versus Vincent Lecavalier in Senateurs zone.
10:14 of 3rd period - Icing by Michael Kostka.
10:15 of 3rd period - Sidney Crosby wins face-off versus Michael Frolik in Golden Knights zone.
10:22 of 3rd period - Wrist shot by Jamie Benn.
10:22 of 3rd period - Stopped by Robin Lehner without a rebound.
10:23 of 3rd period - Sidney Crosby wins face-off versus Andrei Loktionov in Golden Knights zone.
10:34 of 3rd period - Snap shot by Ilya Kovalchuk.
10:34 of 3rd period - Stopped by Ondrej Pavelec with a rebound.
10:56 of 3rd period - Snap shot by Evgeni Malkin.
10:56 of 3rd period - Stopped by Robin Lehner with a rebound.
12:03 of 3rd period - Zack Kassian is hit by Colby Armstrong and loses puck.
12:12 of 3rd period - Slapshot by Michael Kostka.
12:12 of 3rd period - Shot Blocked by Jamie Benn.
12:42 of 3rd period - Slapshot by Jakub Kindl.
12:42 of 3rd period - Shot Misses the Net.
12:44 of 3rd period - Snap shot by Scottie Upshall.
12:44 of 3rd period - Stopped by Ondrej Pavelec with a rebound.
12:50 of 3rd period - Snap shot by Patrice Cormier.
12:50 of 3rd period - Deflect By Scottie Upshall.
12:50 of 3rd period - Goal by Scottie Upshall - Senateurs : 3 - Golden Knights : 2.
12:51 of 3rd period - Andrei Loktionov wins face-off versus Sidney Crosby in neutral zone.
13:21 of 3rd period - Wrist shot by Sidney Crosby.
13:21 of 3rd period - Shot Blocked by Zach Bogosian.
13:23 of 3rd period - Slapshot by Jamie Benn.
13:23 of 3rd period - Deflect By Sidney Crosby.
13:23 of 3rd period - Stopped by Robin Lehner without a rebound.
13:24 of 3rd period - Vincent Lecavalier wins face-off versus Evgeni Malkin in Golden Knights zone.
13:26 of 3rd period - Minor Penalty to Jeffrey Foss for Hooking.
13:27 of 3rd period - Sidney Crosby wins face-off versus Ilya Kovalchuk in Golden Knights zone.
13:37 of 3rd period - Snap shot by Sidney Crosby.
13:37 of 3rd period - Stopped by Robin Lehner with a rebound.
13:39 of 3rd period - Slapshot by Dion Phaneuf.
13:39 of 3rd period - Deflect By Zack Kassian.
13:39 of 3rd period - Stopped by Robin Lehner with a rebound.
13:41 of 3rd period - Slapshot by Dion Phaneuf.
13:41 of 3rd period - Stopped by Robin Lehner without a rebound.
13:42 of 3rd period - Sidney Crosby wins face-off versus Ilya Kovalchuk in Golden Knights zone.
13:55 of 3rd period - Dion Phaneuf is hit by Ilya Kovalchuk and loses puck.
14:08 of 3rd period - Jared Cowen is hit by Evgeni Malkin and loses puck.
14:44 of 3rd period - Snap shot by Daniel Briere.
14:44 of 3rd period - Shot Misses the Net.
15:07 of 3rd period - Slapshot by Evgeni Malkin.
15:07 of 3rd period - Shot Blocked by Zach Bogosian.
15:26 of 3rd period - Penalty to Jeffrey Foss is over, Jeffrey Foss is back on ice.
15:37 of 3rd period - Slapshot by Evgeni Malkin.
15:37 of 3rd period - Deflect By Daniel Briere.
15:37 of 3rd period - Stopped by Robin Lehner with a rebound.
15:50 of 3rd period - Wrist shot by Evgeni Malkin.
15:50 of 3rd period - Shot Misses the Net.
16:22 of 3rd period - Colby Armstrong is hit by Jeffrey Foss and loses puck.
16:29 of 3rd period - Wrist shot by Ilya Kovalchuk.
16:29 of 3rd period - Shot Blocked by Daniel Briere.
16:31 of 3rd period - Slapshot by Zach Bogosian.
16:31 of 3rd period - Shot Blocked by Daniel Sedin.
16:33 of 3rd period - Snap shot by Zack Kassian.
16:33 of 3rd period - Shot Misses the Net.
16:35 of 3rd period - Backhand shot by Ilya Kovalchuk.
16:35 of 3rd period - Stopped by Ondrej Pavelec without a rebound.
16:36 of 3rd period - Tim Connolly wins face-off versus Stephane Da Costa in Senateurs zone.
16:39 of 3rd period - Snap shot by Brad Richardson.
16:39 of 3rd period - Deflect By Tim Connolly.
16:39 of 3rd period - Shot Misses the Net.
16:39 of 3rd period - Puck is out of play.
16:40 of 3rd period - Tim Connolly wins face-off versus Stephane Da Costa in Senateurs zone.
17:13 of 3rd period - Slapshot by Sidney Crosby.
17:13 of 3rd period - Shot Blocked by Jakub Kindl.
17:15 of 3rd period - Snap shot by Jamie Benn.
17:15 of 3rd period - Shot Blocked by Michael Kostka.
17:17 of 3rd period - Slapshot by Duncan Keith.
17:17 of 3rd period - Stopped by Robin Lehner with a rebound.
17:32 of 3rd period - Minor Penalty to Radim Vrbata for Hooking.
17:33 of 3rd period - Vincent Lecavalier wins face-off versus Stephane Da Costa in Senateurs zone.
19:32 of 3rd period - Penalty to Radim Vrbata is over, Radim Vrbata is back on ice.
19:55 of 3rd period - Golden Knights, Robin Lehner is pulled from the net.
Goals for this period are 1 for Senateurs vs 1 for Golden Knights.
Shots for this period are 13 for Senateurs vs 15 for Golden Knights.